cohdb
Replays
Latest Replays
All Replays
Popular Replays
Top Player Replays
Match Explorer
How It Works
Community
CoH3 Stats
Reddit
Sign in to upload your games and track your stats! →
Sign in with Steam
Match 42972067
Unlisted
Match 42972067
Overview
Messages
Build Orders
End
Construct Section Command Post
Selects Heavy Armor Battlegroup
Dingo Light Scout Car
Infantry Section
Infantry Section
Infantry Section
ML 3-inch Mortar Team
Selects Light Vehicle Withdraw and Refit
Construct Platoon Command Post
Unlock Bishop Self-propelled Artillery
Humber Armored Car
Selects Rigorous Vehicle Training
Selects UNKNOWN (202330)
Bishop Self-propelled Artillery
Bishop Self-propelled Artillery
CMP 15cwt Truck
Kerub
CastingCouchMaui
Justinian I
Joraad
BIG13
YeimyC
0
0
Comments
sign in to comment!
No comments posted yet!